 Dungeon Crawl Stone Soup version 0.27.1-34-g3ba077fa99 (webtiles) character file.

Game seed: 10034084454674615343

964 NickelLess the Covert (level 7, -2/32 HPs)
             Began as a Spriggan Enchanter on Jan 5, 2022.
             Was an Initiate of Dithmenos.
             Killed by nerve-wracking pain
             ... invoked by an orc priest
              (3 damage)
             ... on level 5 of the Dungeon.
             The game lasted 00:42:45 (6351 turns).

NickelLess the Covert (Spriggan Enchanter)          Turns: 6351, Time: 00:42:46

Health: -2/32      AC:  3    Str:  4    XL:     7   Next: 93%
Magic:  1/12       EV: 19    Int: 18    God:    Dithmenos [......]
Gold:   172        SH:  0    Dex: 16    Spells: 2/11 levels left

rFire    . . .     SeeInvis +   a - +1 dagger
rCold    . . .     Faith    .   (shield restricted)
rNeg     . . .     Spirit   .   b - +0 robe
rPois    .         Reflect  .   (helmet restricted)
rElec    .         Harm     .   h - +0 cloak
rCorr    .         Rampage  .   (gloves unavailable)
Will     +....                  (boots unavailable)
Stlth    ++++......             (no amulet)
HPRegen  0.10/turn              o - ring of wizardry
MPRegen  0.13/turn              (no ring)

@: very quick
A: very small, no large weapons, unfitting armour, see invisible, speed 3
a: Renounce Religion


You were on level 5 of the Dungeon.
You worshipped Dithmenos.
Dithmenos was noncommittal.
You visited 2 branches of the dungeon, and saw 7 of its levels.

You collected 172 gold pieces.

Inventory:

Hand Weapons
 a - a +1 dagger (weapon)
Armour
 b - a +0 robe (worn)
 h - a +0 cloak (worn)
Jewellery
 o - a ring of wizardry (left hand)
Wands
 p - a wand of iceblast (10)
 s - a wand of paralysis (13)
Scrolls
 d - 2 scrolls of teleportation
 e - 2 scrolls of silence
 k - a scroll of enchant armour
 t - a scroll of torment {unknown}
 u - a scroll of enchant weapon {unknown}
 v - a scroll of acquirement {unknown}
Potions
 c - 3 potions of curing
 f - a potion of heal wounds {unknown}
 g - 2 potions of degeneration {unknown}
 i - 2 potions of cancellation {unknown}
 j - a potion of ambrosia {unknown}
 l - a potion of flight {unknown}
 n - a potion of magic {unknown}
 q - a potion of mutation {unknown}


   Skills:
 + Level 4.0 Short Blades
 + Level 5.4 Dodging
 * Level 9.5 Stealth
 - Level 2.6 Spellcasting
 * Level 7.2 Hexes


You had 2 spell levels left.
You knew the following spells:

 Your Spells              Type           Power      Damage    Failure   Level
a - Corona                Hex            31%        N/A       1%          1
b - Ensorcelled Hibernat  Hex/Ice        30%        N/A       2%          2
c - Confusing Touch       Hex            28%        N/A       1%          3
d - Dazzling Flash        Conj/Hex       30%        N/A       4%          3

Your spell library contained the following spells:

 Spells                   Type           Power      Damage    Failure   Level
 Animate Skeleton         Necr           4%         N/A       7%          1
 Pain                     Necr           8%         1d4       7%          1
 Tukima's Dance           Hex            28%        N/A       1%          3
 Vampiric Draining        Necr           1%         2d6       21%         3


Dungeon Overview and Level Annotations

Branches:
Dungeon (6/15)             Temple (1/1) D:4

Altars:
Ashenzari
Dithmenos
Elyvilon
Gozag
Hepliaklqana
Kikubaaqudgha
Okawaru
Qazlal
Ru
Vehumet
Wu Jian
Xom
Yredelemnul
Zin
The Shining One

Shops:
D:1 (   D:2 [


Innate Abilities, Weirdness & Mutations

You are very small and have problems with some larger weapons.
You are too small for most types of armour.
You have supernaturally acute eyesight. (SInv)
You cover ground extremely quickly. (Speed+++)


Message History

Your Short Blades skill increases to level 4!
The orc priest looks braver for a moment.
You hit the orc.
The orc is lightly wounded.
Casting: Ensorcelled Hibernation (safe; 2% risk of failure)
Confirm with . or Enter, or press ? or * to list all spells.
Aiming: Ensorcelled Hibernation (safe; 2% risk of failure)
Press: ? - help, Shift-Dir - straight line, f - orc
Aim: an orc, wielding a +0 hand axe (lightly wounded, chance to affect: 63%)
The orc resists with significant effort.
The orc hits you with a +0 hand axe.
Casting: Ensorcelled Hibernation (safe; 2% risk of failure)
Confirm with . or Enter, or press ? or * to list all spells.
Aiming: Ensorcelled Hibernation (safe; 2% risk of failure)
Press: ? - help, Shift-Dir - straight line, f/p - orc
Aim: an orc, wielding a +0 hand axe (chance to affect: 63%)
The orc looks drowsy...
The helpless orc fails to defend itself.
You spit the orc like a pig!!!
You kill the orc!
Dithmenos accepts your kill.
The orc priest looks braver for a moment.
The orc priest casts a cantrip, but nothing happens.
The orc priest mumbles some strange prayers to Beogh against you.
Beogh smites you!
You start resting.
An orc priest is nearby!
Casting: Ensorcelled Hibernation (safe; 2% risk of failure)
Confirm with . or Enter, or press ? or * to list all spells.
Aiming: Ensorcelled Hibernation (safe; 2% risk of failure)
Press: ? - help, Shift-Dir - straight line, f - orc priest
Aim: an orc priest, wielding a +0 club and wearing a +2 leather armour of poison resistance (chance to affect: 46%)
The orc priest resists with some effort.
An orc priest comes into view. It is wielding a +0 short sword.
The orc priest calls down the wrath of Beogh upon you.
Pain shoots through your body!
* * * LOW HITPOINT WARNING * * *
The orc priest calls down the wrath of Beogh upon you.
Pain shoots through your body!
You die...

#################
#................ ###+
#.############### #...
#########.#......
#....+................
.....####......#.#####
....###...##...... #
#......##.##.######
#.+....<...@........#
##.#...#####....#.....
.
+..........#....#.....
...
##.#....##.#..........
... #
+....+..o..........
...
#....##.#.......... ##
#.....).....)####.
#.........#..#
#.........#..# #


You could see an orc priest.

Vanquished Creatures
  The ghost of Flarelocke the Chopper, an amateur HOMo (D:4)
  2 black bears
  A bullfrog (D:5)
  2 scorpions (D:4)
  2 hounds
  An orc priest (D:5)
  2 jellies
  Jessica (D:3)
  An orc wizard (D:3)
  2 iguanas
  A hound skeleton (D:4)
  3 adders (D:2)
  A worm (D:3)
  3 dart slugs
  8 orcs
  2 endoplasms
  6 giant cockroaches
  11 goblins
  3 hobgoblins (D:3)
  2 jackals (D:4)
  A quokka (D:4)
  13 ball pythons
  7 bats
  4 frilled lizards
  9 kobolds
  4 rats
  A spectral goblin (D:3)
94 creatures vanquished.

Notes
Turn   | Place    | Note
-------+----------+-------------------------------------------
     0 | D:1      | NickelLess the Spriggan Enchanter began the quest for the
                  | Orb.
     0 | D:1      | Reached XP level 1. HP: 9/9 MP: 5/5
   179 | D:1      | Found Woulicw's Weapon Emporium.
   266 | D:1      | Reached XP level 2. HP: 11/13 MP: 6/6
   306 | D:1      | Learned a level 2 spell: Ensorcelled Hibernation
   838 | D:1      | Reached skill level 5 in Stealth
  1509 | D:1      | Reached XP level 3. HP: 16/16 MP: 2/8
  2057 | D:2      | Found Baomp's Armour Shoppe.
  2322 | D:3      | Reached XP level 4. HP: 21/21 MP: 6/9
  2668 | D:3      | Noticed Jessica
  2725 | D:3      | Killed Jessica
  2726 | D:3      | Reached skill level 6 in Stealth
  3157 | D:3      | Reached XP level 5. HP: 24/24 MP: 5/10
  3160 | D:3      | Found a faded altar of an unknown god.
  3492 | D:3      | Reached skill level 5 in Hexes
  4084 | D:4      | Found a runed translucent gate.
  4084 | D:4      | Found a runed translucent gate.
  4084 | D:4      | Found a runed translucent gate.
  4087 | D:4      | Noticed Flarelocke's ghost (amateur HOMo)
  4103 | D:4      | Found a staircase to the Ecumenical Temple.
  4108 | D:4      | Noticed a black bear
  4115 | D:4      | Killed a black bear
  4116 | D:4      | Reached skill level 7 in Stealth
  4116 | D:4      | Reached XP level 6. HP: 28/28 MP: 5/11
  4191 | Temple   | Entered the Ecumenical Temple
  4725 | D:4      | Found a white marble altar of Elyvilon.
  4755 | D:4      | You fall into a shaft and drop 2 floors!
  4787 | D:5      | Entered Level 5 of the Dungeon
  4821 | D:5      | Found a shadowy altar of Dithmenos.
  4833 | D:5      | Became a worshipper of Dithmenos the Shadowed
  4899 | D:4      | Found a radiant altar of Vehumet.
  4899 | D:4      | Found an iron altar of Okawaru.
  4943 | D:5      | Reached skill level 8 in Stealth
  5116 | D:4      | Reached XP level 7. HP: 32/32 MP: 7/12
  5830 | D:5      | Learned a level 3 spell: Confusing Touch
  5834 | D:5      | Learned a level 3 spell: Dazzling Flash
  5871 | D:4      | Killed Flarelocke's ghost
  5872 | D:4      | Reached skill level 5 in Dodging
  5872 | D:4      | Reached skill level 9 in Stealth
  6349 | D:5      | HP: 1/32 [orc priest/nerve-wracking pain (14)]
  6351 | D:5      | Killed from afar by an orc priest

Illustrated notes

Levels and vault maps discovered:
D:1:      minmay_arrival_four_houses, layout_basic, serial_shops,
          nicolae_diamond_shop, minmay_misc_feat_x, st_stairs_6
D:2:      layout_basic, serial_shops, shop
D:3:      layout_rooms, dreamdust_ecumenical_altar_drowned_temple, uniq_jessica
D:4:      layout_rooms, nicolae_overflow_hidden_temple,
          minmay_temple_entry_waves, ebering_ghost_rock_garden
D:5:      layout_basic, nemelex_xobeh_ov_fountains_minmay,
          nicolae_dithmenos_shadow_blocks, small_statue_intersection
D:6:      layout_rooms, cheibriados_altar_1, amcnicky_altar_gilded,
          serial_rivers, chequers_serial_rivers_room_b,
          chequers_serial_rivers_small_b, chequers_serial_rivers_large_b,
          chequers_serial_rivers_micro_b, chequers_serial_rivers_room_a
Temple:   jpeg_temple_clearing

Skill      XL: |  1  2  3  4  5  6  7 |
---------------+----------------------+-----
Dodging        | 3 4 5 |  5.4
Hexes          | 4 5 6 7 |  7.2
Stealth        | 5 6 7 8 9 |  9.5
Short Blades   | 2 3 4 |  4.0
Spellcasting   | |  2.6

Action                   |  1- 3 |  4- 6 |  7- 9 || total
-------------------------+-------+-------+-------++-------
Melee: Dagger            |    44 |    95 |    53 ||   192
 Cast: Ensorcelled Hiber |    34 |    60 |    18 ||   112
       Confusing Touch   |       |       |     3 ||     3
  Use: Scroll            |       |     2 |     2 ||     4
       Potion            |       |       |     1 ||     1
 Stab: Sleeping          |    30 |    42 |     7 ||    79
       Confused          |       |       |     4 ||     4
Armor: Robe              |     2 |    18 |     6 ||    26
Dodge: Dodged            |    23 |    52 |    44 ||   119
